 Dungeon Crawl Stone Soup version 0.24.0-123-gd5b16e6ec5 (webtiles) character file.

Game seed: 11645826299554115510, levelgen mode: deterministic

321 Enkuryo the Magician (level 6, -3/53 HPs)
             Began as a Troll Wizard on Jan 16, 2020.
             Was an Initiate of Ru.
             Killed by nerve-wracking pain
             ... invoked by an orc priest
              (13 damage)
             ... on level 3 of the Dungeon.
             The game lasted 00:34:45 (3407 turns).

Enkuryo the Magician (Troll Wizard)                 Turns: 3407, Time: 00:34:46

Health: -3/53      AC:  7    Str: 16    XL:     6   Next: 22%
Magic:  2/9        EV: 10    Int: 16    God:    Ru [......]
Gold:   175        SH:  0    Dex:  8    Spells: 9/10 levels left

rFire    . . .     SeeInvis .     - Unarmed
rCold    . . .     Gourm    +   (no shield)
rNeg     . . .     Faith    .   a - +1 robe
rPois    .         Spirit   .   b - +0 hat
rElec    .         Reflect  .   (no cloak)
rCorr    .         Harm     .   (gloves unavailable)
MR       .....                  (boots unavailable)
Stlth    +.........             (no amulet)
HPRegen  0.57/turn              (no ring)
MPRegen  0.11/turn              (no ring)

@: very slightly contaminated
A: large, unfitting armour, claws 3, fast metabolism 3, gourmand, regeneration
1, shaggy fur 1, tough skin 3
a: Renounce Religion


You were on level 3 of the Dungeon.
You worshipped Ru.
Ru was noncommittal.
You were not hungry.

You visited 1 branch of the dungeon, and saw 3 of its levels.

You collected 175 gold pieces.

Inventory:

Missiles
 f - 55 stones (quivered)
Armour
 a - a +1 robe (worn)
 b - a +0 hat (worn)
Wands
 g - a wand of enslavement (8)
Scrolls
 e - 3 scrolls of remove curse
 i - 2 scrolls of fog
 k - 4 scrolls of identify
Potions
 h - a potion of agility {unknown}
Comestibles
 d - 6 rations


   Skills:
   Level 0.3 Short Blades
 + Level 1.4 Throwing
 + Level 2.4 Dodging
 + Level 1.6 Stealth
 * Level 2.6 Unarmed Combat
 * Level 2.7 Spellcasting
 * Level 2.0 Conjurations
   Level 0.6 Summonings
   Level 0.6 Translocations


You had 9 spell levels left.
You knew the following spells:

 Your Spells              Type           Power        Failure   Level  Hunger
a - Magic Dart            Conj           #...         9%          1    #......

Your spell library contained the following spells:

 Spells                   Type           Power        Failure   Level  Hunger
 Blink                    Tloc           N/A          22%         2    ##.....
 Call Imp                 Summ           #.......     22%         2    ##.....
 Slow                     Hex            #.......     28%         2    ##.....
 Conjure Flame            Conj/Fire      #.......     36%         3    ###....
 Mephitic Cloud           Conj/Pois/Air  #.......     41%         3    ###....


Dungeon Overview and Level Annotations

Branches:
Dungeon (3/15)

Altars:
Ru


Innate Abilities, Weirdness & Mutations

You are too large for most types of armour.
You have claws for hands.
Your metabolism is lightning-fast.
You like to eat raw meat.
Your natural rate of healing is unusually fast.
You are covered in fur. (AC +1)
You have extremely tough skin. (AC +3)


Message History

Aim: a jackal The magic dart hits the jackal.
The jackal is moderately wounded.
The jackal bites you but does no damage.
Casting: Magic Dart (safe; 9% risk of failure)
Confirm with . or Enter, or press ? or * to list all spells.
Aiming: Magic Dart (safe; 9% risk of failure)
Press: ? - help, Shift-Dir - straight line, f/p - jackal
Aim: a jackal (moderately wounded)
You miscast Magic Dart.
You are very lightly contaminated with residual magic.
Nothing appears to happen.
The jackal closely misses you. The jackal barely misses you.
You claw the jackal!
You kill the jackal!
You see here a jackal corpse.
You butcher the jackal corpse.
The orc priest invokes the aid of Beogh against you.
Pain shoots through your body!
You die...

##..##.##.#......###...o.).#§§≈#.
......#.............>......§§≈≈'.
.#<>##.##.######.##........#≈≈≈##
.#.....#.## ###.##........##+###
.####...######...##(..o(......# #
.# ##.##........o.(###.#.#..## #
.# #..#.####(..#### #.#.#(#####
.# ##.#.# ##..# #.#.#.()o(. .#
#.#.# #.@# #.#.####### .#
#.#.#####..# #....# .#
#.#........# #....# .#
#.######...## #....# .# #.#
###.....#####.#.## ## #.#
#...........#.#.# # #(#
#.#..<..###.#.#.###### # #.#
#.##...####.#.#..>...# # #.#
#.##.........#..####.#


You could see an orc priest.

Vanquished Creatures
  3 jellies (D:2)
  2 orc priests (D:3)
  Terence (D:3)
  3 adders (D:2)
  9 oozes (D:2)
  2 worms
  2 dart slugs
  A leopard gecko (D:2)
  An orc (D:3)
  2 ball pythons (D:2)
  7 goblins
  6 hobgoblins
  10 jackals
  11 kobolds
  A quokka (D:2)
  7 bats
  2 frilled lizards
  6 rats
76 creatures vanquished.

Vanquished Creatures (others)
  3 fungi (D:2)
  7 toadstools (D:2)
10 creatures vanquished.

Grand Total: 86 creatures vanquished

Notes
Turn   | Place    | Note
-------+----------+-------------------------------------------
     0 | D:1      | Enkuryo the Troll Wizard began the quest for the Orb.
     0 | D:1      | Reached XP level 1. HP: 16/16 MP: 2/2
   474 | D:1      | Reached XP level 2. HP: 24/24 MP: 0/4
  1010 | D:2      | Reached skill level 1 in Conjurations
  1309 | D:2      | Reached XP level 3. HP: 25/31 MP: 0/5
  1561 | D:2      | Reached skill level 1 in Unarmed Combat
  1561 | D:2      | Reached XP level 4. HP: 23/39 MP: 2/6
  1592 | D:2      | Reached XP level 5. HP: 24/45 MP: 1/7
  1599 | D:2      | Reached skill level 1 in Throwing
  1900 | D:2      | Found a sacrificial altar of Ru.
  1908 | D:2      | Became a worshipper of Ru the Awakened
  1972 | D:2      | You fall into a shaft and drop 1 floor!
  2371 | D:3      | Noticed Terence
  2384 | D:3      | Killed Terence
  3044 | D:3      | Reached XP level 6. HP: 17/53 MP: 2/8
  3407 | D:3      | Killed from afar by an orc priest

Levels and vault maps discovered:
D:1:      nagdon_arrival_zigzag_paths, layout_loops_ring
D:2:      cheibrodos_fertilizer, layout_loops_cross, nicolae_ru_awakened_eye
D:3:      layout_loops_ring, lemuel_coloured_pillars_altar, minmay_liquid_box,
          hangedman_abyss_or_decor_stabs, uniq_terence

Skill      XL: |  1  2  3  4  5 |
---------------+----------------+-----
Conjurations   | 1 2 |  2.0
Unarmed Combat | 1 2 |  2.6
Dodging        | 2 |  2.4
Throwing       | 1 |  1.4
Short Blades   | |  0.3
Stealth        | |  1.6
Spellcasting   | |  2.7
Summonings     | |  0.6
Translocations | |  0.6

Action                   |  1- 3 |  4- 6 || total
-------------------------+-------+-------++-------
Melee: Dagger            |    76 |       ||    76
       Unarmed           |    27 |    95 ||   122
Throw: Stone             |     1 |    34 ||    35
 Cast: Magic Dart        |    47 |    70 ||   117
Evoke: Wand              |       |     1 ||     1
  Use: Scroll            |     4 |     7 ||    11
       Potion            |       |     2 ||     2
  Eat: Chunk             |    12 |    15 ||    27
       Ration            |     2 |       ||     2
Armor: Robe              |    51 |    71 ||   122
Dodge: Dodged            |    58 |    93 ||   151
